cohdb
Replays
Latest Replays
All Replays
Popular Replays
Top Player Replays
Match Explorer
How It Works
Community
CoH3 Stats
Reddit
Sign in to upload your games and track your stats! →
Sign in with Steam
Match 38049588
Unlisted
Match 38049588
Overview
Messages
Build Orders
End
Construct Weapon Support Center
Selects Armored Battlegroup
Selects Armored Battlegroup
Selects Assault Engineers
Assault Engineer Squad
M1919 Machine Gun Team
Bazooka Squad
M1919 Machine Gun Team
Assault Engineer Squad
Construct Medical Station
Mechanized Support Center
Selects Fast Deploy
Assault Engineer Squad
Bazooka Squad
Construct Tank Depot
Bazooka Squad
Selects M8 Scott SPG
sharpshooter
A tank
Haxses
Starsilver
0
0
Comments
sign in to comment!
No comments posted yet!